 Dungeon Crawl Stone Soup version 0.31.0-10-gcf4a605ca0 (webtiles) character file.

Game seed: 7561894956393376967

3595 Arcadio the Nimble (level 10, -28/123 HPs)
             Began as a Merfolk Shapeshifter on Jan 25, 2024.
             Was a High Priest of Elyvilon.
             Killed from afar by Fannar (42 damage)
             ... with a bolt of cold
             ... on level 8 of the Dungeon.
             The game lasted 00:15:55 (9638 turns).

Arcadio the Nimble (Merfolk Shapeshifter)           Turns: 9638, Time: 00:15:56

Health: -28/123    AC: 29    Str: 19    XL:     10   Next: 10%
Magic:  10/10      EV:  2    Int: 14    God:    Elyvilon [*****.]
Gold:   385        SH:  0    Dex: 13    Spells: 9/9 levels left

rFire   . .          .
                       - Unarmed
rCold   . . .        (no shield)
rNeg    + . .        x - melded +1 robe {rC+}
rPois   +            (helmet currently unavailable)
rElec   .            (cloak currently unavailable)
rCorr   .            (gloves currently unavailable)
SInv    +            (boots currently unavailable)
Will    .....        J - amulet of magic regeneration
Stlth   +            L - ring of Satisfaction {rN+ Int+4 SInv}
HPRegen 0.40/turn    u - +4 ring of protection
MPRegen 0.52/turn

%: no passive effects
@: tree-form
A: stationary, stasis, torment immunity, boosted hp, (nimble swimmer 2),
(mertail)
a: Renounce Religion, Purification, Heal Other, Heal Self, Divine Vigour


You were on level 8 of the Dungeon.
You worshipped Elyvilon.
Elyvilon was extremely pleased with you.
You were a tree.
You visited 3 branches of the dungeon, and saw 10 of its levels.
You also visited: Sewer.

You collected 385 gold pieces.

Inventory:

Hand Weapons
 P - a +0 morningstar
Missiles
 k - 4 throwing nets (quivered)
Armour
 a - a +0 pair of boots
 i - a +0 ring mail
 x - a +1 robe of cold resistance (melded)
 z - a +0 helmet
 Q - +0 steam dragon scales
Jewellery
 g - a ring of fire
 u - a +4 ring of protection (right branch)
 J - an amulet of magic regeneration (around neck)
 K - a ring of wizardry
 L - the ring of Satisfaction (left branch) {rN+ Int+4 SInv}
   (You found it on level 6 of the Dungeon)

   [ring of positive energy]

   Int+4:     It affects your intelligence (+4).
   rN+:       It protects you from negative energy.
   SInv:      It lets you see invisible.
Talismans
 c - a beast talisman
 d - a flux talisman
Wands
 w - a wand of flame (49)
 C - a wand of mindburst (14)
 H - a wand of roots (9)
 M - a wand of paralysis (12)
Scrolls
 h - a scroll of amnesia
 j - a scroll of fog {unknown}
 n - a scroll of teleportation
 p - a scroll of poison {unknown}
 q - 4 scrolls of fear
 r - 4 scrolls of identify
 s - a scroll of enchant weapon
 v - a scroll of enchant armour
 y - 2 scrolls of torment {unknown}
 A - 3 scrolls of brand weapon
 E - 2 scrolls of butterflies {unknown}
 F - a scroll of silence {unknown}
 N - a scroll of noise {unknown}
 O - a scroll of immolation {unknown}
Potions
 b - 2 potions of heal wounds {unknown}
 e - 3 potions of attraction
 f - 2 potions of enlightenment {unknown}
 l - 3 potions of invisibility
 m - a potion of haste {unknown}
 o - 4 potions of curing {unknown}
 t - a potion of lignification
 B - 2 potions of resistance {unknown}
 D - 3 potions of mutation {unknown}
 G - 2 potions of magic {unknown}
 I - a potion of might {unknown}
 R - a potion of berserk rage {unknown}


   Skills:
 + Level 8.9 Fighting
 + Level 10.7 Dodging
 + Level 9.4 Unarmed Combat
 + Level 5.2 Shapeshifting


You had 9 spell levels left.
You didn't know any spells.
Your spell library contained the following spells:

 Spells                   Type           Power      Damage    Failure   Level
 Freeze                   Ice            0%         1d3       28%         1
 Kiss of Death            Conj/Necr      0%         2d5       28%         1
 Magic Dart               Conj           0%         1d3       28%         1
 Mercury Vapours          Alch/Air       0%         N/A       41%         2
 Searing Ray              Conj           0%         2d4       41%         2
 Confusing Touch          Hex            0%         N/A       65%         3
 Frozen Ramparts          Ice            0%         1d1       65%         3
 Hailstorm                Conj/Ice       0%         3d5       65%         3
 Mephitic Cloud           Conj/Alch/Air  0%         N/A       65%         3
 Stone Arrow              Conj/Erth      0%         3d7       65%         3
 Animate Armour           Summ/Erth      0%         N/A       96%         4
 Dispel Undead            Necr           0%         3d6       96%         4
 Fulminant Prism          Conj/Alch      0%         3d5       96%         4
 Freezing Cloud           Conj/Ice/Air   0%         6-21      100%        5
 Lehudib's Crystal Spear  Conj/Erth      0%         10d2      100%        8


Dungeon Overview and Level Annotations

Branches:
Dungeon (8/15)             Temple (1/1) D:7            Lair (1/5) D:8
  Sewer (visited)

Altars:
Ashenzari
Cheibriados
Dithmenos
Elyvilon
Fedhas
Gozag
Hepliaklqana
Kikubaaqudgha
Makhleb
Nemelex Xobeh
Okawaru
Qazlal
Ru
Sif Muna
Trog
Uskayaw
Vehumet
Wu Jian
Xom
Yredelemnul
Zin
The Shining One

Annotations:
D:8 4 transporters, Fannar


Innate Abilities, Weirdness & Mutations

You are a tree.
Your roots penetrate the ground, keeping you stationary.
You cannot be teleported.
You are immune to unholy pain and torment.
Your maximum health is greatly increased.
Your equipment is partially melded.
((You are very nimble when in or above water. (Stealth+, EV+, Speed+++)))
((Your lower body shifts to a powerful aquatic tail in water.))


Message History

Fannar hits you with a staff of cold. Fannar freezes you!
You hit Fannar.
Fannar is heavily wounded.
Fannar misses you.
You barely miss Fannar.
Fannar is heavily wounded.
Fannar hits you with a staff of cold! Fannar freezes you.
You closely miss Fannar.
Fannar is heavily wounded.
You closely miss Fannar.
Fannar is heavily wounded.
Fannar hits you but does no damage. Fannar freezes you!
You hit Fannar but do no damage.
Fannar is heavily wounded.
Fannar misses you.
You closely miss Fannar.
Fannar is heavily wounded.
Fannar points at you and mumbles some strange words.
The bolt of cold hits you. You resist.
Your transformation has ended.
You turn into a tree.
Your +1 robe of cold resistance melds into your body.
You feel less resistant to cold.
Your roots penetrate the ground.
Fannar hits you with a staff of cold. Fannar freezes you!
You miss Fannar.
Fannar is heavily wounded.
Fannar mumbles some strange words.
Fannar drains the heat from the surrounding environment!
* * * LOW HITPOINT WARNING * * *
You hit Fannar.
Fannar is heavily wounded.
You hit Fannar.
Fannar is heavily wounded.
Fannar hits you but does no damage. Fannar freezes you!
Elyvilon protects you from harm!
You smack Fannar!
Fannar is severely wounded.
Fannar casts a spell at you. The bolt of cold hits you!!!
You die...

.# #........#..#.#.#
.# #........#......#
.#####.............###
....##.......###.###
.##.##.......# #.#
.##.#####.#### #.#
..#.# #.....# #.#
#.#.# #.#.#.####e#
######
#.#.###.........♣#
#.)<..
.>..#.....#.######
######.####
#.###.#..##.#
#......####
#.....#..##.#
#.##.......
#######.....#
#####.##.#.#...
#....##
#....[..##..... #....#
#.#.....##..... ##...#
#.#.#...##..... #...#
#...######.....


You could see Fannar.

Vanquished Creatures
  Maggie (D:8)
  Sigmund (D:4)
  A vampire (D:8)
  Edmund (D:4)
  Menkaure (D:4)
  4 water moccasins
  A sky beast (D:7)
  An ice beast (D:7)
  2 black bears (D:6)
  4 ogres
  A phantom (D:5)
  Blork the orc (D:5)
  A kobold brigand (D:6)
  2 bullfrogs (Sewer)
  2 scorpions
  3 wights (D:8)
  2 howler monkeys
  2 jellies
  2 hounds
  4 bombardier beetles
  2 orc priests
  2 sleepcaps
  7 iguanas
  An orc wizard (D:5)
  12 adders
  10 gnolls
  6 river rats
  A white imp (D:7)
  2 dart slugs
  25 orcs
  10 endoplasms
  4 giant cockroaches
  10 goblins
  5 hobgoblins
  7 jackals
  3 quokkas
  18 ball pythons
  4 bats
  8 frilled lizards
  12 kobolds
  24 rats
210 creatures vanquished.

Notes
Turn   | Place    | Note
-------+----------+-------------------------------------------
     0 | D:1      | Arcadio the Merfolk Shapeshifter began the quest for the
                  | Orb.
     0 | D:1      | Reached XP level 1. HP: 15/15 MP: 1/1
    36 | D:1      | Reached skill level 3 in Dodging
    61 | D:1      | Reached XP level 2. HP: 21/21 MP: 2/2
   177 | D:1      | Found a faded altar of an unknown god.
   243 | D:1      | Reached XP level 3. HP: 27/27 MP: 3/3
   820 | D:2      | Reached XP level 4. HP: 32/34 MP: 4/4
   936 | D:2      | You fall into a shaft and drop 2 floors!
   939 | D:4      | Noticed a water moccasin
   956 | D:4      | Killed a water moccasin
   957 | D:4      | Reached skill level 4 in Dodging
   957 | D:4      | Reached XP level 5. HP: 18/41 MP: 5/5
  1453 | D:4      | Noticed Menkaure
  1466 | D:4      | Killed Menkaure
  1467 | D:4      | Reached skill level 5 in Dodging
  1467 | D:4      | Reached skill level 5 in Unarmed Combat
  1467 | D:4      | Reached XP level 6. HP: 9/48 MP: 6/6
  1794 | D:4      | Noticed Edmund
  1819 | D:4      | Noticed Sigmund
  1833 | D:3      | Found a sparkling altar of Nemelex Xobeh.
  2208 | D:3      | Reached XP level 7. HP: 48/55 MP: 7/7
  2325 | D:3      | Found a white marble altar of Elyvilon.
  2366 | D:3      | Became a worshipper of Elyvilon the Healer
  2829 | D:2      | Reached skill level 6 in Dodging
  3119 | D:4      | Reached * piety under Elyvilon
  3472 | D:4      | Killed Sigmund
  3473 | D:4      | Reached skill level 5 in Fighting
  3722 | D:4      | Found a bloodstained altar of Trog.
  3829 | D:4      | Killed Edmund
  3830 | D:4      | Reached skill level 7 in Dodging
  3830 | D:4      | Reached XP level 8. HP: 42/63 MP: 8/8
  4110 | D:5      | Entered Level 5 of the Dungeon
  4147 | D:5      | Found a glowing drain.
  4191 | Sewer    | Entered a sewer
  4191 | Sewer    | Reached ** piety under Elyvilon
  4600 | Sewer    | Reached skill level 8 in Dodging
  4777 | D:5      | Noticed Blork the orc
  4784 | D:5      | Killed Blork the orc
  5288 | D:5      | Reached XP level 9. HP: 69/72 MP: 9/9
  5422 | D:5      | Reached *** piety under Elyvilon
  6279 | D:6      | Reached skill level 9 in Dodging
  6576 | D:6      | Identified the ring of Satisfaction {rN+ Int+4 SInv}
  6803 | D:6      | Reached **** piety under Elyvilon
  7651 | D:7      | Reached skill level 10 in Dodging
  7973 | D:7      | Found a staircase to the Ecumenical Temple.
  7980 | Temple   | Entered the Ecumenical Temple
  8377 | D:8      | Found a burning altar of Makhleb.
  8380 | D:8      | Identified the +8 whip of Riluorph {drain, Int+3 Stlth+}
  8418 | D:8      | Reached ***** piety under Elyvilon
  8641 | D:8      | Reached XP level 10. HP: 75/82 MP: 10/10
  8942 | D:8      | Found a transporter.
  8961 | D:8      | Found a transporter.
  8961 | D:8      | Noticed Maggie
  8976 | D:8      | Killed Maggie
  8977 | D:8      | Reached skill level 5 in Shapeshifting
  8977 | D:8      | Found a transporter.
  9000 | D:8      | Found a transporter.
  9134 | D:8      | Found a staircase to the Lair.
  9249 | Lair:1   | Entered Level 1 of the Lair of Beasts
  9267 | Lair:1   | Noticed Fannar
  9637 | D:8      | Elyvilon protects you from harm!
  9638 | D:8      | Killed from afar by Fannar

Illustrated notes

Levels and vault maps discovered:
D:1:      nicolae_arrival_memento_mori, layout_rooms,
          ebering_ecumenical_altar_ruins, chequers_serial_rivers_micro_b,
          st_stairs_6
D:2:      layout_rooms, serial_forest, infiniplex_forest_end_3,
          infiniplex_forest_side_room, infiniplex_forest_straight_3,
          infiniplex_forest_end_1, infiniplex_forest_clump_cross,
          infiniplex_forest_clump_medium, infiniplex_forest_lined_room_3,
          minmay_tetromino_s4
D:3:      layout_basic, lemuel_crystal_altar, elyvilon_altar_5
D:4:      layout_cave_pods, kennysheep_mini_moat, uniq_edmund, uniq_sigmund,
          uniq_menkaure
D:5:      layout_layer_cave, portal_sewer_entry_a, uniq_blork_the_orc
D:6:      layout_gridville
D:7:      layout_basic, minmay_temple_entry_mini_moons
D:8:      layout_loops_cross, bloody_makhleb, lair_entry_dummy,
          chequers_serial_rivers_large_b, nicolae_transporter_circle,
          uniq_maggie
Temple:   compressed_dpeg_circular_temple
Lair:1:   layout_concentric_octagons, hangedman_lair_unloving_vines,
          uniq_amaemon, uniq_fannar

Skill      XL: |  1  2  3  4  5  6  7  8  9 10 |
---------------+-------------------------------+-----
Dodging        | 3 4 5 7 8 10 | 10.7
Fighting       | 2 3 4 5 7 8 |  8.9
Unarmed Combat | 4 5 6 7 9 |  9.4
Shapeshifting  | 5 |  5.2

Action                     |  1- 3 |  4- 6 |  7- 9 | 10-12 || total
---------------------------+-------+-------+-------+-------++-------
  Melee: Unarmed           |    84 |   105 |   486 |    38 ||   713
         Punch             |     1 |     5 |    22 |     2 ||    30
         Tailslap          |       |       |     2 |       ||     2
    Use: Scroll            |       |     3 |     6 |       ||     9
         Potion            |       |     1 |       |     1 ||     2
   Stab: Sleeping          |     2 |       |       |       ||     2
 Armour: Animal skin       |    26 |       |       |       ||    26
         Ring mail         |     9 |    59 |   214 |     6 ||   288
         Skin              |       |    10 |       |     4 ||    14
         Robe              |       |       |       |    11 ||    11
         Steam dragon scal |       |       |       |     1 ||     1
  Dodge: Dodged            |    48 |    57 |   307 |    13 ||   425
